 Dungeon Crawl Stone Soup version 0.31-a0-662-g684573625c (webtiles) character file.

Game seed: 8081771675117692692

2443 kae the Arsonist (level 9, -5/45 HPs)
             Began as a Tengu Fire Elementalist on Aug 31, 2023.
             Slain by Pikel
             ... wielding a +0 whip of electrocution
              (12 damage)
             ... on level 6 of the Dungeon.
             The game lasted 00:05:22 (8078 turns).

kae the Arsonist (Tengu Fire Elementalist)          Turns: 8078, Time: 00:05:22

Health: -5/45      AC:  3    Str:  9    XL:     9   Next: 49%
Magic:  9/18       EV: 32    Int: 20    God:
Gold:   205        SH:  0    Dex: 20    Spells: 13/19 levels left

rFire   + . .        (no weapon)
rCold   + . .        (no shield)
rNeg    . . .        a - +1 robe
rPois   .            (helmet restricted)
rElec   .            h - scarf {rC+ rF+}
rCorr   .            (no gloves)
SInv    .            (boots unavailable)
Will    .....        (no amulet)
Stlth   ++           Z - ring of wizardry
HPRegen 0.27/turn    D - +6 ring of dexterity
MPRegen 0.16/turn

%: acrobat, wizardry (x1)
@: acrobatic, flying
A: beak, talons 3, evasive flight, acrobatic
a: no special abilities


You were on level 6 of the Dungeon.
You visited 2 branches of the dungeon, and saw 7 of its levels.

You collected 261 gold pieces.
You spent 56 gold pieces at shops.


Innate Abilities, Weirdness & Mutations

You have a beak for a mouth.
You have claws for feet.
Your magical flight helps you evade attacks. (EV +4)
You can magically evade attacks while moving or waiting.


   Skills:
 - Level 2.1 Dodging
 - Level 2.0 Stealth
 + Level 5.6 Spellcasting
 + Level 7.7 Conjurations
 - Level 3.0 Hexes
 * Level 9.7 Fire Magic


You had 13 spell levels left.
You knew the following spells:

 Your Spells              Type           Power      Damage    Failure   Level
a - Foxfire               Conj/Fire      100%       2x1d9     1%          1
b - Scorch                Fire           88%        2d8       1%          2
c - Inner Flame           Hex/Fire       31%        N/A       1%          3

Your spell library contained the following spells:

 Spells                   Type           Power      Damage    Failure   Level
 Dazzling Flash           Conj/Hex       54%        N/A       1%          3
 Volatile Blastmotes      Fire/Tloc      50%        2d14      1%          3
 Flame Wave               Conj/Fire      40%        2d11      1%          4
 Hailstorm                Conj/Ice       21%        3d6       2%          3
 Freeze                   Ice            20%        1d4       4%          1
 Summon Small Mammal      Summ           20%        N/A       4%          1
 Tukima's Dance           Hex            17%        N/A       4%          3
 Portal Projectile        Hex/Tloc       22%        N/A       7%          3
 Summon Guardian Golem    Hex/Summ       11%        N/A       7%          3
 Iskenderun's Mystic Bla  Conj/Tloc      21%        2d6       9%          4
 Call Canine Familiar     Summ           5%         N/A       13%         3
 Frozen Ramparts          Ice            10%        1d2       13%         3
 Starburst                Conj/Fire      20%        6d7       17%         6
 Maxwell's Capacitive Co  Air            2%         ∞         100%        8

Inventory:

Missiles
 f - 44 stones
 k - 10 boomerangs
 l - 6 curare-tipped darts {=f}
 q - 2 poisoned darts
Armour
 a - a +1 robe (worn)
 h - a scarf of resistance (worn)
   (You found it on level 1 of the Dungeon)
Magical Staves
 r - a staff of poison {!a}
   (You found it on level 3 of the Dungeon)
 u - a staff of conjuration {!a}
   (You found it on level 6 of the Dungeon)
Jewellery
 C - a ring of ice
   (You found it on level 1 of the Dungeon)
 D - a +6 ring of dexterity (right hand)
   (You found it on level 2 of the Dungeon)
 W - a ring of magical power
   (You found it on level 6 of the Dungeon)
 Z - a ring of wizardry (left hand)
   (You found it on level 2 of the Dungeon)
Wands
 s - a wand of paralysis (11)
   (You took it off Ijyb on level 4 of the Dungeon)
 t - a wand of mindburst (18)
   (You found it on level 5 of the Dungeon)
Scrolls
 c - 2 scrolls of teleportation {@r4}
 e - a scroll of revelation
 n - 4 scrolls of enchant weapon
 o - a scroll of immolation {!r!r}
Potions
 b - 2 potions of magic
 d - 4 potions of invisibility
 g - 3 potions of curing {@q1}
 i - a potion of degeneration {unknown}
 j - a potion of cancellation
 m - 2 potions of might
 p - 3 potions of haste {@q3}
 v - a potion of ambrosia {unknown}

Dungeon Overview and Level Annotations

Branches:
Dungeon (6/15) Zot: 25355  Temple (1/1) D:5 Zot: 5998

Altars:
Ashenzari
Cheibriados
Elyvilon
Gozag
Kikubaaqudgha
Makhleb
Nemelex Xobeh
Okawaru
Qazlal
Ru
Sif Muna
Trog
Wu Jian
Xom
Yredelemnul
Zin
The Shining One

Shops:
D:2 (   D:4 ?   D:6 (

Annotations:
D:2 Terence
D:5 2 transporters, t4s4d4r's ghost, novice FoFi
D:6 1 runed translucent door, Crazy Yiuf; Pikel

######........####...##...###
#.#.................#..[..##
##..###...........#.....##..
##..####.........###...####.
#.#..##.........## #..## ##.
#.##...........## ##.## #..
######......###.## #..# #..
#.####......##...## ##.###..
#........<.#@K....####.......
##..)..........##......##..#.
#..####.....####.###..#..#.#
##.## ##..### #..# ##...###.
###.#.# #.## ##.## ##...# #.
#..##.## ##..## #..#
#....####
##.###.###....###.##
##.##..##. ###
##..#........## #..##....#
##...........###.##......


You could see Pikel (combustible).


Message History

You hear a shout! x2
A lemure comes into view. 😕 MP[-2]
You lost 2 mp, and now have 12/18 mp. 😕 HP[+1] 😕 MP[+1] 😕 HP[+1] 😎 HP[+1] MP[+1]
Your hp is fully restored (45).
You start resting. 😎 MP[+1]
Casting: Scorch (safe; 1% risk of failure)
Confirm with . or Enter, or press ? or * to list all spells.
You can't see any susceptible monsters within range! (Use Z to cast anyway.)
Casting: Scorch (safe; 1% risk of failure)
Confirm with . or Enter, or press ? or * to list all spells.
Flames lash the lemure.
The lemure's fire resistance burns away.
You hear a shout!
The lemure completely misses you. 😎 MP[-2]
You lost 2 mp, and now have 13/18 mp.
Casting: Scorch (safe; 1% risk of failure)
Confirm with . or Enter, or press ? or * to list all spells.
Flames lash the lemure.
The lemure is burned terribly!
The lemure closely misses you.
The lemure completely misses you. 😎 MP[-2]
You lost 2 mp, and now have 11/18 mp.
Casting: Scorch (safe; 1% risk of failure)
Confirm with . or Enter, or press ? or * to list all spells.
Flames lash the lemure.
The lemure is burned terribly!
You kill the lemure!
That felt strangely unrewarding.
You hear a shout! x2 😎 MP[-1]
You lost 1 mp, and now have 10/18 mp.
Casting: Scorch (safe; 1% risk of failure)
Confirm with . or Enter, or press ? or * to list all spells.
You can't see any susceptible monsters within range! (Use Z to cast anyway.)
You start resting. 😎 MP[+5]
You regained 5 mp, and now have 15/18 mp.
You start resting. 😎 MP[+3]
Your mp is fully restored (18).
Pikel, Merchant of Souls comes into view.
He is wielding a +0 whip of electrocution and wearing a +1 robe of willpower.
Pikel says, "You'll feel the lick of my whip!"
Pikel waves his whip at you.
Casting: Scorch (safe; 1% risk of failure)
Confirm with . or Enter, or press ? or * to list all spells.
You can't see any susceptible monsters within range! (Use Z to cast anyway.)
Casting: Scorch (safe; 1% risk of failure)
Confirm with . or Enter, or press ? or * to list all spells.
You conjure some foxfire!
The foxfire hits Pikel but does no damage.
The foxfire hits Pikel. 😎 MP[-1]
You lost 1 mp, and now have 17/18 mp.
Casting: Foxfire (safe; 1% risk of failure)
Confirm with . or Enter, or press ? or * to list all spells.
Flames lash Pikel.
Pikel's fire resistance burns away.
Pikel completely misses you. 😎 MP[-2]
You lost 2 mp, and now have 15/18 mp.
Casting: Scorch (safe; 1% risk of failure)
Confirm with . or Enter, or press ? or * to list all spells.
Flames lash Pikel.
Pikel is burned terribly!
Pikel barely misses you. Pikel completely misses you. 😎 MP[-1]
You lost 1 mp, and now have 14/18 mp.
Casting: Scorch (safe; 1% risk of failure)
Confirm with . or Enter, or press ? or * to list all spells.
Flames lash Pikel.
Pikel is burned terribly!
Pikel completely misses you.
Pikel hits you with a +0 whip of electrocution.
You are electrocuted! 😮 HP[-20] MP[-2]
You take 20 damage, and now have 25/45 hp.
MASSIVE DAMAGE!! (PAUSE)
You lost 2 mp, and now have 12/18 mp.
Casting: Scorch (safe; 1% risk of failure)
Confirm with . or Enter, or press ? or * to list all spells.
Flames lash Pikel but do no damage.
Pikel hits you with a +0 whip of electrocution!
* * * LOW HITPOINT WARNING * * *
You are electrocuted!
* * * LOW HITPOINT WARNING * * *
Pikel completely misses you. 😱 HP[-15] MP[-2]
You take 15 damage, and now have 10/45 hp.
MASSIVE DAMAGE!! (PAUSE)
You lost 2 mp, and now have 10/18 mp.
Casting: Scorch (safe; 1% risk of failure)
Confirm with . or Enter, or press ? or * to list all spells.
Flames lash Pikel.
Pikel is burned terribly!
Pikel hits you with a +0 whip of electrocution.
* * * LOW HITPOINT WARNING * * *
Pikel hits you with a +0 whip of electrocution!
You die...
Pikel says, "See you in Hell!"

Skill      XL: |  1  2  3  4  5  6  7  8  9 |
---------------+----------------------------+-----
Conjurations   | 2 3 4 5 6 7 |  7.7
Fire Magic     | 4 5 6 7 8 9 |  9.7
Hexes          | 1 2 3 |  3.0
Spellcasting   | 3 4 5 |  5.6
Dodging        | |  2.1
Stealth        | |  2.0

Action                     |  1- 3 |  4- 6 |  7- 9 || total
---------------------------+-------+-------+-------++-------
  Melee: Unarmed           |     5 |     2 |       ||     7
         Peck              |     1 |       |       ||     1
         Kick              |     1 |     1 |       ||     2
   Cast: Foxfire           |    65 |    62 |   122 ||   249
         Scorch            |     2 |    13 |    39 ||    54
         Inner Flame       |       |       |     8 ||     8
    Use: Scroll            |     5 |     2 |     8 ||    15
 Armour: Robe              |     8 |    17 |    51 ||    76
  Dodge: Dodged            |    27 |    30 |   106 ||   163

Levels and vault maps discovered:
D:1:      wander_arrival_peaceful_grave, layout_basic, minivault_23
D:2:      layout_basic, serial_shops, nicolae_shop_mannequins,
          palyth_stone_intersect, kennysheep_path_1, uniq_terence
D:3:      layout_loops_cross, shapermc_ecumenical_altar_mp_highgroup,
          nrook_mini_vaults, minmay_misc_feat_tiny
D:4:      layout_cave_pods, chequers_temple_overflow_statue_of_worship,
          serial_shops, nicolae_shop_rolling_square,
          minmay_misc_feat_four_crosses, uniq_edmund, uniq_ijyb, uniq_duvessa
D:5:      layout_basic, grunt_temple_overflow_opulence, temple_green,
          gammafunk_ghost_smash, chequers_serial_rivers_small_3, uniq_menkaure,
          uniq_sigmund, uniq_eustachio
D:6:      layout_layer_cave, serial_shops, nicolae_shop_advertising_works
          [nicolae_subvault_shop_adworks], uniq_crazy_yiuf_cottage, uniq_pikel,
          uniq_maggie
Temple:   nicolae_temple_god_jail

Notes
Turn   | Place    | Note
-------+----------+-------------------------------------------
     0 | D:1      | kae the Tengu Fire Elementalist began the quest for the
                  | Orb.
     0 | D:1      | Reached XP level 1. HP: 10/10 MP: 4/4
     0 | D:1      | magus.rc [v1.11.3]
   419 | D:1      | Reached XP level 2. HP: 15/15 MP: 3/6
   422 | D:1      | Learned a level 2 spell: Scorch
   492 | D:1      | Reached skill level 2 in Conjurations
  1236 | D:2      | Reached XP level 3. HP: 19/19 MP: 2/7
  1240 | D:2      | Learned a level 3 spell: Inner Flame
  1309 | D:2      | Reached skill level 4 in Fire Magic
  1677 | D:2      | Found Fiokot's Weapon Boutique.
  1677 | D:2      | Noticed a +0 triple sword
  1680 | D:2      | Noticed a +0 demon blade
  1750 | D:2      | Noticed Terence
  2296 | D:3      | Reached XP level 4. HP: 22/24 MP: 0/8
  2395 | D:2      | Reached skill level 3 in Conjurations
  2514 | D:3      | Reached XP level 5. HP: 28/28 MP: 2/10
  2774 | D:3      | Reached skill level 1 in Hexes
  2891 | D:3      | You pick up a book of Frost and begin reading...
  2891 | D:3      | You add the spells Freeze, Frozen Ramparts and Hailstorm to
                  | your library.
  3023 | D:3      | Found a faded altar of an unknown god.
  3343 | D:4      | Reached skill level 5 in Fire Magic
  3355 | D:4      | Reached skill level 3 in Spellcasting
  3355 | D:4      | Reached XP level 6. HP: 32/32 MP: 1/11
  3609 | D:4      | You pick up a book of Weapons and begin reading...
  3609 | D:4      | You add the spells Tukima's Dance, Portal Projectile and
                  | Iskenderun's Mystic Blast to your library.
  3614 | D:4      | Found a glowing golden altar of the Shining One.
  3614 | D:4      | Found an ornate altar of the Wu Jian Council.
  3659 | D:4      | Noticed Duvessa
  3704 | D:4      | HP: 3/32 [Duvessa/+0 rapier (7)]
  3706 | D:4      | Killed Duvessa
  3707 | D:4      | Reached skill level 4 in Conjurations
  3707 | D:4      | Noticed Dowan
  3818 | D:4      | Killed Dowan
  3819 | D:4      | Reached skill level 6 in Fire Magic
  3819 | D:4      | Gained mutation: Your magical flight helps you evade
                  | attacks. (EV +4) [Tengu growth]
  3819 | D:4      | Reached XP level 7. HP: 30/36 MP: 7/13
  3990 | D:4      | Found Jafriag's Magic Scroll Shoppe.
  3997 | D:4      | Bought a scroll of identify for 28 gold pieces
  3997 | D:4      | Bought a scroll of identify for 28 gold pieces
  4074 | D:4      | Noticed Edmund
  4288 | D:4      | Reached skill level 2 in Hexes
  4354 | D:4      | Killed Edmund
  4354 | D:4      | HP: 1/36 [spore (24)]
  4489 | D:4      | You pick up a book of Spectacle and begin reading...
  4489 | D:4      | You add the spells Dazzling Flash, Starburst and Maxwell's
                  | Capacitive Coupling to your library.
  4601 | D:4      | Noticed Ijyb
  4606 | D:4      | Paralysed by Ijyb for 3 turns
  4613 | D:4      | Killed Ijyb
  4634 | D:4      | Reached skill level 5 in Conjurations
  5006 | D:5      | Entered Level 5 of the Dungeon
  5163 | D:5      | Found a transporter.
  5164 | D:5      | Found a transporter.
  5165 | D:5      | Noticed t4s4d4r's ghost (novice FoFi)
  5166 | D:5      | Identified the +0 dire flail of Vipeduip {elec, +Blink rN+
                  | Int-2}
  5174 | D:5      | Noticed Menkaure
  5184 | D:5      | Killed Menkaure
  5185 | D:5      | Reached skill level 4 in Spellcasting
  5185 | D:5      | Reached skill level 7 in Fire Magic
  5185 | D:5      | Reached XP level 8. HP: 13/41 MP: 9/15
  5346 | D:5      | Found an opulent altar of Gozag.
  5346 | D:5      | Found a sparkling altar of Nemelex Xobeh.
  5646 | D:5      | Noticed Sigmund
  5648 | D:5      | Killed Sigmund
  5649 | D:5      | Reached skill level 6 in Conjurations
  5649 | D:5      | Reached skill level 3 in Hexes
  5691 | D:5      | Found a staircase to the Ecumenical Temple.
  5718 | D:5      | Noticed Eustachio
  5724 | D:5      | Killed Eustachio
  5725 | D:5      | Reached skill level 8 in Fire Magic
  5983 | D:5      | HP: 9/41 [poisoned by an orc wizard]
  5988 | D:5      | HP: 6/41 [poisoned by an orc wizard]
  6169 | D:5      | You pick up a book of Callings and begin reading...
  6169 | D:5      | You add the spells Summon Small Mammal, Call Canine
                  | Familiar and Summon Guardian Golem to your library.
  6398 | Temple   | Entered the Ecumenical Temple
  6771 | D:6      | Found Pytaziu's Weapon Boutique.
  6815 | D:6      | Reached skill level 5 in Spellcasting
  6815 | D:6      | Reached XP level 9. HP: 45/45 MP: 11/17
  6913 | D:6      | Reached skill level 7 in Conjurations
  6964 | D:6      | Reached skill level 9 in Fire Magic
  7452 | D:6      | You pick up a book of Weapons and begin reading...
  7740 | D:6      | Found a runed translucent door.
  7741 | D:6      | Noticed Crazy Yiuf
  7742 | D:6      | Identified the +3 hammer of Zeskieb {speed, MP+9 Dex+2}
  7806 | D:6      | Noticed Maggie
  7814 | D:6      | Killed Maggie
  8028 | D:6      | Noticed Pikel
  8075 | D:6      | HP: 10/45 [Pikel/+0 whip of electrocution (8)]
  8078 | D:6      | Slain by Pikel

Vanquished Creatures
  Maggie (D:6)
  Sigmund (D:5)
  Eustachio (D:5)
  Menkaure (D:5)
  Edmund (D:4)
  A water moccasin (D:5)
  Duvessa (D:4)
  An ice beast (D:6)
  2 black bears
  2 ogres (D:6)
  2 lemures (D:6)
  A phantom (D:4)
  A bullfrog (D:6)
  A gnoll sergeant (D:6)
  3 scorpions
  Dowan (D:4)
  2 hounds
  2 orc priests
  3 iguanas
  A sleepcap (D:6)
  Ijyb (D:4)
  6 orc wizards
  5 adders
  5 gnolls (D:6)
  An ufetubus (D:6)
  A worm (D:3)
  A dart slug (D:3)
  11 orcs
  2 endoplasms (D:1)
  3 giant cockroaches
  8 hobgoblins
  3 jackals (D:5)
  4 quokkas
  8 ball pythons
  5 bats
  2 frilled lizards
  3 goblins
  7 kobolds
  4 rats
109 creatures vanquished.

Vanquished Creatures (others)
  432 foxfires
432 creatures vanquished.

Grand Total: 541 creatures vanquished

Table legend:
 A = Non-vault XP
 B = Vault XP
 C = Vault XP percentage of total XP
 D = Non-vault monster count
 E = Vault monster count
 F = Vault count percentage of total count
                 A         B        C        D         E       F
            +---------+---------+-------+---------+---------+-------
      Total |    2081 |    1410 |  40.4 |      99 |       8 |   7.5
            +---------+---------+-------+---------+---------+-------
        D:1 |      24 |       0 |   0.0 |      15 |       0 |   0.0
        D:2 |      70 |       0 |   0.0 |      16 |       0 |   0.0
        D:3 |     136 |       0 |   0.0 |      20 |       0 |   0.0
        D:4 |     441 |     410 |  48.2 |      17 |       4 |  19.0
        D:5 |     493 |     591 |  54.5 |      14 |       3 |  17.6
        D:6 |     917 |     409 |  30.8 |      17 |       1 |   5.6
            +---------+---------+-------+---------+---------+-------

Skill      XL: |  1  2  3  4  5  6  7  8  9 |
---------------+----------------------------+-----
Conjurations   | 2 3 4 5 6 7 |  7.7
Fire Magic     | 4 5 6 7 8 9 |  9.7
Hexes          | 1 2 3 |  3.0
Spellcasting   | 3 4 5 |  5.6
Dodging        | |  2.1
Stealth        | |  2.0

Action                     |  1- 3 |  4- 6 |  7- 9 || total
---------------------------+-------+-------+-------++-------
  Melee: Unarmed           |     5 |     2 |       ||     7
         Peck              |     1 |       |       ||     1
         Kick              |     1 |     1 |       ||     2
   Cast: Foxfire           |    65 |    62 |   122 ||   249
         Scorch            |     2 |    13 |    39 ||    54
         Inner Flame       |       |       |     8 ||     8
    Use: Scroll            |     5 |     2 |     8 ||    15
 Armour: Robe              |     8 |    17 |    51 ||    76
  Dodge: Dodged            |    27 |    30 |   106 ||   163

Illustrated notes

Table legend:
 A = Kills in this place as a percentage of kills in the entire game.
 B = Kills by you in this place as a percentage of kills by you in the entire game.
 C = Kills by friends in this place as a percentage of kills by friends in the entire game.
 D = Other kills in this place as a percentage of other kills in the entire game.
 E = Experience gained in this place as a percentage of experience gained in the entire game.
 F = Experience gained in this place divided by the number of levels of this place that you have seen.
                   A       B       C       D       E      F
               +-------+-------+-------+-------+-------+----------------------
         Total | 100.0 | 100.0 |   N/A |   N/A | 100.0 | 498.7
       Dungeon | 100.0 | 100.0 |   N/A |   N/A | 100.0 | 581.8
               +-------+-------+-------+-------+-------+----------------------

Table legend: (Time is in decaauts)
 A = Elapsed time spent in this place.
 B = Non-inter-level travel time spent in this place.
 C = Inter-level travel time spent in this place.
 D = Time resting spent in this place.
 E = Time spent auto-exploring this place.
 F = Levels seen in this place.
 G = Mean time per level.
                   A        B        C        D        E       F      G
               +--------+--------+--------+--------+--------+-----+--------+
         Total |   8081 |   7827 |    254 |    323 |   6440 |   7 | 1154.4 |
       Dungeon |   8079 |   7827 |    252 |    323 |   6440 |   6 | 1346.5 |
        Temple |      1 |      0 |      1 |      0 |      0 |   1 |    1.0 |
               +--------+--------+--------+--------+--------+-----+--------+

Top non-repeatable levels by time:
     D:4: 1596 daAuts
     D:5: 1579 daAuts
     D:6: 1490 daAuts
     D:2: 1274 daAuts
     D:1: 1076 daAuts
     D:3: 1062 daAuts
  Temple: 1 daAuts
